Map: Ultralove

Players

wootwoot - Winner!

  • Race: Zerg Zerg
  • League: Gold
  • Spawn Location: 7:00

dArchon

  • Race: Terran Terran
  • League: Gold
  • Spawn Location: 1:00

VOD

Have the link to the VOD?

Description

Time

  • Played on: April 1, 2025, 6:31 p.m.
  • Length: 4:03
Show
View Real Time Build Order
Export as new Build Order

wootwoot Zerg - Winner!

Build Orders: Hatch First, Zergling Baneling 

Get SALT Encoding   

  12  0:00  Drone  
  13  0:12  Overlord  
  13  0:16  Drone  
  14  0:31  Drone x2  
  16  0:47  Hatchery  
  16  0:49  Drone  
  16  0:53  Drone  
  16  0:56  Drone  
  18  0:59  Extractor  
  17  1:14  Spawning Pool  
  17  1:17  Drone  
  17  1:21  Drone  
  18  1:30  Drone  
  19  1:39  Overlord  
  19  2:01  Metabolic Boost  
  19  2:03  Queen x2  
  19  2:06  Zergling x2  
  24  2:08  Zergling x2  
  24  2:13  Zergling x2  
  24  2:15  Zergling x2  
  27  2:22  Zergling x2  
  28  2:23  Zergling x2  
  28  2:25  Zergling x2  
  30  2:32  Zergling x2  
  30  2:34  Zergling x2  
  32  2:48  Overlord x2  
  32  2:56  Zergling x4  
  34  2:59  Baneling Nest  
  33  3:08  Zergling x4  
  35  3:14  Zergling x6  
  38  3:20  Zergling x4  
  38  3:26  Drone  
  41  3:42  Baneling x9  
Show
View Real Time Build Order
Export as new Build Order

dArchon Terran 

Build Orders:  

Get SALT Encoding   

  12  0:00  SCV  
  13  0:13  SCV  
  14  0:21  Supply Depot  
  14  0:25  SCV  
  15  0:42  SCV, Refinery  
  16  0:44  Barracks  
  16  0:54  SCV  
  17  1:01  Barracks  
  17  1:07  SCV  
  18  1:12  Refinery  
  18  1:19  SCV  
  19  1:31  SCV  
  21  1:39  Barracks  
  21  1:44  SCV  
  22  1:53  Supply Depot  
  22  1:57  SCV  
  23  2:06  Reaper  
  23  2:13  Supply Depot  
  23  2:14  Reaper  
  24  2:22  SCV  
  25  2:26  Reaper  
  26  2:34  Supply Depot  
  26  2:38  Reaper  
  27  2:48  Factory  
  27  2:52  SCV  
  30  3:17  Command Center  
  28  3:24  SCV  
  28  3:25  Marine  
  30  3:35  Factory Tech Lab  
  30  3:36  SCV  
  31  3:45  Factory  
  31  3:48  SCV  
Tags
 
League
GoldGold
Matchup
TvZ
Replay Pack
B2M-Replays
Spawn Locations
Cross Positions
Add a new tag
Caveats
  • Supply blocks, unpowered buildings, or Contaminate may cause inaccurate times.
  • Supply counts are checked every 10 seconds.